[ AOE2 MATCH · #506425560 ]
UnrankedBengalis vs Saracens
Player's team · WIN
Rival team · LOSS
[ REPLAY ANALYSIS · EXTRACTED FROM THE RECORDED GAME ]
Feudal
9:16
Castle
21:46
Imperial
33:20
| APM avg | 42.8 |
| APM peak | 73 |
| eAPM avg | 16.6 |
| Villagers / military | 70 / 34 |
Focus
⚔️ 25.7% · 🌾 74.3%
Archer ×9 · Ratha (Ranged) ×8 · Scout Cavalry ×6 · Monk ×4 · Mangonel ×3 · Trebuchet (Packed) ×3
Feudal
10:42
Castle
14:40
Imperial
30:16
| APM avg | 49.2 |
| APM peak | 116 |
| eAPM avg | 22.8 |
| Villagers / military | 67 / 24 |
Focus
⚔️ 28.9% · 🌾 71.1%
Skirmisher ×11 · Mameluke ×5 · Trebuchet (Packed) ×4 · Archer ×3 · Mangonel ×1
Match map
Initial resources + every placement click. Lines = walls · curves = elevation contours. ◆ gold · ⬟ stone · ● berries · ✦ relic · ◌ wall gap
Your base· ✓ Closed at 21:46 · 0t walls · 2 gate(s)
AoE2 ANGEL's base· ✓ Closed at 14:40 · 0t walls · 2 gate(s)
Smoothed initial terrain · ◌ = detected wall gap · hover for details
Inputs per minute
— Retentio - - AoE2 ANGEL
Build order — Retentio
First 150 of 200 actions detected
| 0:01 | Queue | Villager (Male) |
| 0:01 | Queue | Villager (Male) |
| 0:01 | Queue | Villager (Male) |
| 0:03 | Build | House |
| 0:04 | Build | House |
| 0:13 | Queue | Villager (Male) |
| 1:31 | Queue | Villager (Male) |
| 1:49 | Build | Lumber Camp |
| 1:57 | Queue | Villager (Male) |
| 2:26 | Queue | Villager (Male) |
| 2:44 | Queue | Villager (Male) |
| 3:10 | Queue | Villager (Male) |
| 3:26 | Queue | Villager (Male) |
| 3:55 | Queue | Villager (Male) |
| 3:59 | Build | House |
| 4:19 | Queue | Villager (Male) |
| 4:20 | Queue | Villager (Male) |
| 4:51 | Queue | Villager (Male) |
| 5:01 | Build | Mill |
| 5:05 | Queue | Villager (Male) |
| 5:56 | Research | Loom |
| 5:59 | Queue | Villager (Male) |
| 5:59 | Research | Loom |
| 6:45 | Research | Feudal Age |
| 7:21 | Build | Mining Camp |
| 7:30 | Build | House |
| 7:57 | Build | Barracks |
| 8:23 | Queue | Villager (Male) |
| 8:50 | Queue | Villager (Male) |
| 9:16 | Age | Feudal Age |
| 9:18 | Research | Double-Bit Axe |
| 9:23 | Build | Archery Range |
| 9:59 | Queue | Archer |
| 10:04 | Build | House |
| 10:16 | Queue | Villager (Male) |
| 10:24 | Build | Watch Tower |
| 10:25 | Queue | Archer |
| 10:36 | Build | House |
| 10:43 | Queue | Villager (Male) |
| 11:00 | Build | Farm |
| 11:02 | Queue | Villager (Male) |
| 11:07 | Queue | Archer |
| 11:14 | Queue | Archer |
| 11:22 | Queue | Villager (Male) |
| 11:30 | Build | Market |
| 11:37 | Build | Mining Camp |
| 11:40 | Queue | Villager (Male) |
| 11:54 | Build | House |
| 11:59 | Build | House |
| 12:08 | Queue | Archer |
| 12:15 | Build | Farm |
| 12:20 | Queue | Villager (Male) |
| 12:22 | Build | House |
| 12:34 | Queue | Villager (Male) |
| 12:39 | Build | Blacksmith |
| 12:53 | Queue | Archer |
| 13:02 | Build | Outpost |
| 13:18 | Queue | Villager (Male) |
| 13:44 | Queue | Archer |
| 13:49 | Research | Wheelbarrow |
| 13:58 | Build | House |
| 14:10 | Build | Watch Tower |
| 14:18 | Queue | Villager (Male) |
| 14:21 | Queue | Archer |
| 14:38 | Queue | Villager (Male) |
| 15:16 | Queue | Villager (Male) |
| 15:18 | Build | Farm |
| 15:21 | Build | Farm |
| 15:22 | Build | Farm |
| 15:23 | Build | Farm |
| 15:24 | Build | Farm |
| 15:38 | Build | Watch Tower |
| 15:50 | Queue | Villager (Male) |
| 15:52 | Build | Farm |
| 16:08 | Research | Fletching |
| 16:13 | Build | Mining Camp |
| 16:16 | Queue | Villager (Male) |
| 16:23 | Build | House |
| 16:35 | Queue | Archer |
| 16:48 | Queue | Villager (Male) |
| 17:00 | Queue | Villager (Male) |
| 17:54 | Queue | Villager (Male) |
| 17:58 | Build | Stable |
| 18:36 | Queue | Villager (Male) |
| 18:37 | Build | Farm |
| 18:39 | Build | Mining Camp |
| 18:52 | Build | Mining Camp |
| 19:06 | Research | Castle Age |
| 19:07 | Research | Castle Age |
| 19:42 | Build | Watch Tower |
| 20:28 | Queue | Scout Cavalry |
| 20:33 | Build | Stable |
| 20:37 | Research | Horse Collar |
| 20:39 | Research | Stone Mining |
| 20:52 | Build | Lumber Camp |
| 21:06 | Queue | Scout Cavalry |
| 21:23 | Queue | Scout Cavalry |
| 21:28 | Queue | Villager (Male) |
| 21:46 | Age | Castle Age |
| 21:50 | Research | Light Cavalry (upgrade) |
| 21:56 | Build | Monastery |
| 22:12 | Queue | Villager (Male) |
| 22:16 | Build | Farm |
| 22:23 | Queue | Villager (Male) |
| 22:26 | Queue | Monk |
| 22:42 | Queue | Villager (Male) |
| 22:43 | Queue | Scout Cavalry |
| 22:56 | Build | Castle |
| 23:30 | Queue | Villager (Male) |
| 23:30 | Queue | Villager (Male) |
| 23:44 | Queue | Monk |
| 23:56 | Build | Mining Camp |
| 24:00 | Queue | Villager (Male) |
| 24:04 | Build | Farm |
| 24:35 | Queue | Villager (Male) |
| 24:46 | Build | Siege Workshop |
| 24:51 | Queue | Villager (Male) |
| 25:10 | Queue | Scout Cavalry |
| 25:10 | Queue | Scout Cavalry |
| 25:13 | Queue | Villager (Male) |
| 25:17 | Queue | Mangonel |
| 25:21 | Queue | Villager (Male) |
| 25:49 | Queue | Mangonel |
| 25:55 | Queue | Villager (Male) |
| 26:04 | Queue | Villager (Male) |
| 26:12 | Queue | Ratha (Ranged) |
| 26:13 | Queue | Ratha (Ranged) |
| 26:44 | Queue | Monk |
| 26:46 | Queue | Villager (Male) |
| 26:51 | Queue | Mangonel |
| 27:00 | Queue | Villager (Male) |
| 27:07 | Build | Monastery |
| 27:16 | Queue | Ratha (Ranged) |
| 27:17 | Queue | Ratha (Ranged) |
| 27:18 | Queue | Villager (Male) |
| 27:26 | Research | Sanctity |
| 27:32 | Research | Fervor |
| 27:44 | Research | Redemption |
| 27:50 | Queue | Villager (Male) |
| 27:58 | Build | House |
| 27:59 | Build | House |
| 28:05 | Build | House |
| 28:06 | Build | House |
| 28:07 | Build | House |
| 28:08 | Build | House |
| 28:10 | Build | House |
| 28:24 | Queue | Monk |
| 28:40 | Queue | Villager (Male) |
| 28:54 | Build | Castle |
| 30:10 | Research | Imperial Age |
Build order — AoE2 ANGEL
First 150 of 187 actions detected
| 0:01 | Queue | Villager (Male) |
| 0:01 | Queue | Villager (Male) |
| 0:03 | Build | House |
| 0:05 | Build | House |
| 0:15 | Queue | Villager (Male) |
| 0:15 | Queue | Villager (Male) |
| 1:25 | Queue | Villager (Male) |
| 2:03 | Queue | Villager (Male) |
| 2:04 | Queue | Villager (Male) |
| 2:31 | Queue | Villager (Male) |
| 2:31 | Queue | Villager (Male) |
| 2:31 | Queue | Villager (Male) |
| 2:42 | Build | Lumber Camp |
| 3:02 | Queue | Villager (Male) |
| 3:03 | Queue | Villager (Male) |
| 3:34 | Queue | Villager (Male) |
| 3:50 | Build | House |
| 3:55 | Queue | Villager (Male) |
| 3:55 | Queue | Villager (Male) |
| 4:08 | Queue | Villager (Male) |
| 4:09 | Queue | Villager (Male) |
| 5:17 | Build | Mill |
| 5:27 | Queue | Villager (Male) |
| 5:32 | Queue | Villager (Male) |
| 5:54 | Build | House |
| 6:39 | Queue | Villager (Male) |
| 6:54 | Build | Lumber Camp |
| 7:07 | Research | Feudal Age |
| 7:17 | Queue | Villager (Male) |
| 7:40 | Queue | Villager (Male) |
| 7:53 | Queue | Villager (Male) |
| 7:57 | Build | Mining Camp |
| 8:27 | Research | Feudal Age |
| 8:42 | Build | Farm |
| 8:44 | Build | Farm |
| 8:46 | Queue | Villager (Male) |
| 10:42 | Age | Feudal Age |
| 10:45 | Build | Blacksmith |
| 10:55 | Build | Market |
| 11:01 | Queue | Villager (Male) |
| 11:15 | Research | Loom |
| 11:25 | Build | Farm |
| 11:28 | Build | Farm |
| 11:31 | Build | Farm |
| 12:00 | Research | Castle Age |
| 12:00 | Research | Castle Age |
| 12:06 | Build | Farm |
| 12:08 | Build | Farm |
| 12:11 | Build | House |
| 12:14 | Build | Farm |
| 12:32 | Build | Barracks |
| 13:18 | Research | Gold Mining |
| 13:27 | Build | Archery Range |
| 13:29 | Build | Archery Range |
| 13:53 | Research | Fletching |
| 14:27 | Queue | Skirmisher |
| 14:27 | Queue | Skirmisher |
| 14:40 | Age | Castle Age |
| 14:41 | Build | House |
| 14:44 | Build | Palisade Wall |
| 15:01 | Queue | Villager (Male) |
| 15:09 | Queue | Villager (Male) |
| 15:11 | Queue | Skirmisher |
| 15:16 | Queue | Skirmisher |
| 15:17 | Queue | Villager (Male) |
| 15:33 | Queue | Skirmisher |
| 15:34 | Queue | Skirmisher |
| 15:35 | Queue | Villager (Male) |
| 15:42 | Research | Bodkin Arrow |
| 15:42 | Research | Bodkin Arrow |
| 15:43 | Queue | Villager (Male) |
| 16:13 | Queue | Skirmisher |
| 16:15 | Queue | Villager (Male) |
| 16:28 | Queue | Skirmisher |
| 16:29 | Queue | Villager (Male) |
| 16:43 | Build | Town Center |
| 16:51 | Queue | Villager (Male) |
| 17:00 | Queue | Skirmisher |
| 17:00 | Queue | Archer |
| 17:06 | Queue | Skirmisher |
| 17:06 | Queue | Archer |
| 17:10 | Build | House |
| 17:27 | Queue | Skirmisher |
| 17:27 | Queue | Villager (Male) |
| 17:44 | Queue | Villager (Male) |
| 17:49 | Build | University |
| 17:51 | Queue | Archer |
| 17:57 | Build | Farm |
| 18:20 | Queue | Villager (Male) |
| 18:59 | Build | Town Center |
| 19:06 | Queue | Villager (Male) |
| 19:08 | Build | House |
| 19:13 | Research | Town Watch |
| 19:16 | Build | House |
| 19:24 | Queue | Villager (Male) |
| 19:39 | Queue | Villager (Male) |
| 20:01 | Queue | Villager (Male) |
| 20:25 | Queue | Villager (Male) |
| 20:25 | Queue | Villager (Male) |
| 20:41 | Build | Farm |
| 20:44 | Build | Farm |
| 20:48 | Queue | Villager (Male) |
| 20:54 | Build | Farm |
| 20:54 | Queue | Villager (Male) |
| 20:58 | Queue | Villager (Male) |
| 20:58 | Queue | Villager (Male) |
| 21:00 | Build | Farm |
| 21:05 | Build | Farm |
| 21:09 | Build | Farm |
| 21:10 | Build | Farm |
| 21:11 | Queue | Villager (Male) |
| 21:12 | Research | Double-Bit Axe |
| 21:18 | Build | Farm |
| 21:21 | Build | Farm |
| 21:30 | Queue | Villager (Male) |
| 21:47 | Queue | Villager (Male) |
| 21:53 | Build | Farm |
| 22:11 | Research | Gold Mining |
| 22:31 | Research | Wheelbarrow |
| 22:31 | Research | Wheelbarrow |
| 22:31 | Research | Wheelbarrow |
| 23:02 | Build | Castle |
| 23:31 | Build | Castle |
| 23:55 | Queue | Villager (Male) |
| 24:29 | Build | House |
| 24:33 | Queue | Mameluke |
| 24:39 | Build | Palisade Wall |
| 24:41 | Build | Palisade Gate |
| 24:45 | Build | Palisade Gate |
| 24:48 | Build | Palisade Gate |
| 24:52 | Build | Mill |
| 24:53 | Build | Farm |
| 24:53 | Build | Farm |
| 24:54 | Build | Farm |
| 24:54 | Build | Farm |
| 24:54 | Build | Farm |
| 25:11 | Queue | Villager (Male) |
| 25:17 | Build | Siege Workshop |
| 25:20 | Build | Farm |
| 25:21 | Build | Farm |
| 25:23 | Build | Farm |
| 25:39 | Build | Farm |
| 25:56 | Build | Farm |
| 25:58 | Build | Farm |
| 26:03 | Build | Farm |
| 27:06 | Research | Imperial Age |
| 27:15 | Queue | Mangonel |
| 28:17 | Queue | Mameluke |
| 28:17 | Queue | Mameluke |
| 28:17 | Queue | Mameluke |
Match timeline
| 7:57 | Retentio · first_building Barracks |
| 9:16 | Retentio · age_up feudal |
| 9:23 | Retentio · first_building Archery Range |
| 10:42 | AoE2 ANGEL · age_up feudal |
| 12:32 | AoE2 ANGEL · first_building Barracks |
| 13:27 | AoE2 ANGEL · first_building Archery Range |
| 14:40 | AoE2 ANGEL · age_up castle |
| 14:44 | AoE2 ANGEL · wall_segment Palisade Wall x1 |
| 17:58 | Retentio · first_building Stable |
| 18:43 | AoE2 ANGEL · first_market_buy 100 wood |
| 18:44 | Retentio · first_market_buy 100 food |
| 21:46 | Retentio · age_up castle |
| 21:56 | Retentio · first_building Monastery |
| 22:56 | Retentio · first_building Castle |
| 23:02 | AoE2 ANGEL · first_building Castle |
| 24:39 | AoE2 ANGEL · wall_segment Palisade Wall x1 |
| 24:46 | Retentio · first_building Siege Workshop |
| 25:17 | AoE2 ANGEL · first_building Siege Workshop |
| 26:48 | AoE2 ANGEL · first_market_sell 100 wood |
| 30:16 | AoE2 ANGEL · age_up imperial |
| 30:43 | Retentio · wall_segment Palisade Wall x1 |
| 33:20 | Retentio · age_up imperial |
| 37:21 | AoE2 ANGEL · resign |
[ AI ANALYSIS · 1 CREDIT ]
What really happened in this match?
Wolo.gg analyzes every decision: build order, eco, micro, common mistakes by bracket. Personalized analysis on WhatsApp or Discord in 30 seconds.
Civ guide
Bengalis
Perfil
Jugador #21036341